Map: Arctic Dream LE

Players

CocoFruit

  • Race: Zerg Zerg
  • League: Platinum
  • Spawn Location: 11:00

JamesBond

  • Race: Protoss Protoss
  • Spawn Location: 12:00

qqq - Winner!

  • Race: Protoss Protoss
  • Spawn Location: 6:00

Massa - Winner!

  • Race: Terran Terran
  • League: Platinum
  • Spawn Location: 5:00

VOD

Have the link to the VOD?

Description

Time

  • Played on: Oct. 31, 2020, 10:38 a.m.
  • Length: 17:59
Show
View Real Time Build Order
Export as new Build Order

CocoFruit Zerg 

Build Orders: Hatch First 

Get SALT Encoding   

  12  0:00  Drone  
  13  0:13  Overlord  
  13  0:16  Drone  
  14  0:31  Drone x2  
  14  0:34  Drone  
  17  0:52  Hatchery  
  17  0:55  Drone  
  17  0:57  Drone  
  18  1:09  Extractor  
  17  1:13  Spawning Pool  
  17  1:16  Drone  
  17  1:19  Drone  
  18  1:29  Drone  
  19  1:40  Drone  
  20  1:51  Overlord  
  20  2:01  Queen  
  20  2:04  Queen  
  20  2:05  Zergling x4  
  26  2:08  Metabolic Boost  
  26  2:13  Drone  
  26  2:15  Drone  
  28  2:23  Drone  
  29  2:39  Hatchery, Overlord  
  28  2:46  Drone x3  
  31  2:57  Queen  
  33  3:03  Queen  
  35  3:08  Drone x3  
  38  3:14  Drone x2  
  38  3:17  Overlord  
  40  3:22  Overlord  
  40  3:28  Drone x3  
  43  3:39  Roach Warren  
  42  3:47  Drone  
  43  3:51  Spore Crawler  
  43  3:53  Drone x4, Spore Crawler  
  43  3:55  Drone  
  46  3:57  Extractor  
  46  3:58  Drone x2  
  46  3:59  Drone  
  46  4:00  Drone  
  49  4:16  Extractor  
  48  4:18  Drone, Extractor  
  48  4:19  Drone x3  
  48  4:20  Drone x5  
  48  4:23  Drone x2  
  58  4:42  Lair  
  58  4:43  Drone x3  
  61  4:52  Zergling x10  
  66  4:54  Overlord  
  66  4:55  Overlord  
  66  5:00  Spine Crawler  
  66  5:03  Spine Crawler  
  64  5:11  Zergling x2  
  64  5:12  Zergling x2  
  68  5:14  Roach x5  
  68  5:15  Roach x3  
  82  5:28  Overlord x3  
  80  5:40  Roach  
  80  5:41  Roach x2  
  80  5:49  Roach x2  
  91  5:50  Roach x4  
  89  6:01  Roach x3  
  95  6:09  Roach x2  
  91  6:21  Roach x4  
  99  6:32  Roach  
  99  6:33  Roach x2  
  99  6:38  Glial Reconstitution  
  103  6:44  Evolution Chamber x2  
  101  6:50  Overlord x4  
  101  7:13  Zerg Missile Weapons Level 1, Zerg Ground Armor Level 1  
  101  7:18  Ravager x2  
  101  7:21  Ravager  
  101  7:22  Ravager  
  105  7:26  Roach  
  105  7:27  Roach x4  
  115  7:39  Roach x4  
  113  8:13  Drone x3  
  113  8:16  Drone  
  113  8:17  Drone x5, Hydralisk Den  
  121  8:26  Drone x4  
  125  8:29  Extractor, Spore Crawler  
  125  8:30  Drone x4, Extractor  
  125  8:32  Drone  
  125  8:33  Drone  
  128  8:38  Baneling Nest  
  127  8:42  Overlord x3  
  127  8:43  Overseer  
  127  8:45  Pneumatized Carapace  
  127  8:59  Hydralisk x4, Muscular Augments  
  127  9:00  Hydralisk x2  
  139  9:04  Extractor  
  139  9:06  Hatchery  
  139  9:08  Extractor  
  136  9:10  Hydralisk x2  
  136  9:11  Hydralisk  
  142  9:23  Spore Crawler  
  142  9:24  Spore Crawler x2  
  140  9:27  Spore Crawler  
  140  9:29  Zerg Missile Weapons Level 2  
  140  9:30  Spore Crawler  
  140  9:31  Hydralisk x2  
  137  9:34  Zergling x2  
  137  9:35  Zergling x22  
  153  9:41  Infestation Pit  
  152  9:48  Centrifical Hooks  
  152  9:50  Drone x2  
  152  9:51  Overlord  
  152  9:52  Overlord x4  
  154  10:09  Spire  
  152  10:26  Overseer x3  
  152  10:27  Overseer  
  149  10:29  Hydralisk, Grooved Spines  
  151  10:44  Drone x3  
  151  10:46  Drone x6  
  151  10:47  Drone x10  
  170  10:52  Hydralisk x7  
  182  11:12  Hydralisk  
  182  11:13  Hydralisk x6  
  196  11:29  Zerg Melee Weapons Level 1  
  196  11:35  Drone x3  
  196  11:39  Drone  
  199  11:40  Spore Crawler x2  
  199  11:41  Spore Crawler  
  199  11:42  Hive  
  189  11:49  Zergling x22  
  200  12:21  Zerg Flyer Weapons Level 1  
  200  12:24  Spire  
  176  13:05  Viper x5  
  189  13:26  Hatchery, Extractor  
  185  13:31  Extractor  
  184  13:42  Zerg Missile Weapons Level 3  
  184  13:43  Zerg Ground Armor Level 2  
  178  14:00  Overlord x5  
  172  14:35  Hydralisk x16  
  172  14:47  Hydralisk x13  
  172  14:48  Hydralisk x8  
  198  14:54  Zerg Flyer Weapons Level 2  
  198  14:56  Greater Spire  
  168  15:24  Hydralisk x8  
  168  15:25  Hydralisk x5  
  186  15:31  Overseer x2  
  182  15:40  Overseer  
  182  15:47  Overlord  
  182  15:48  Overlord x3  
  182  15:55  Hatchery  
  173  16:43  Hydralisk x10  
  173  16:44  Hydralisk x3  
  199  16:47  Hatchery  
  198  16:56  Hatchery, Extractor  
  198  16:58  Extractor  
  181  17:24  Viper  
  181  17:25  Viper  
Show
View Real Time Build Order
Export as new Build Order

JamesBond Protoss 

Build Orders: 1 Gate Expand 

Get SALT Encoding   

  12  0:00  Probe  
  13  0:12  Probe  
  14  0:19  Pylon  
  14  0:24  Probe  
  15  0:37  Probe (Chrono Boost)  
  15  0:39  Gateway  
  16  0:49  Probe (Chrono Boost)  
  17  0:54  Probe (Chrono Boost), Assimilator  
  18  1:04  Probe  
  20  1:26  Nexus  
  20  1:28  Probe  
  20  1:42  Cybernetics Core  
  20  1:45  Probe  
  21  1:50  Assimilator  
  21  1:57  Probe  
  22  2:02  Pylon  
  22  2:10  Probe  
  23  2:21  Adept (Chrono Boost)  
  23  2:22  Probe  
  24  2:23  Warp Gate  
  26  2:34  Probe, Twilight Council  
  27  2:39  Probe  
  28  2:46  Probe  
  30  2:51  Probe  
  30  2:54  Stalker (Chrono Boost)  
  30  2:58  Probe  
  33  3:03  Probe  
  33  3:04  Robotics Facility  
  34  3:10  Probe  
  35  3:16  Probe  
  36  3:22  Probe  
  37  3:28  Probe  
  37  3:32  Pylon  
  38  3:40  Pylon  
  38  3:44  Gateway  
  38  3:50  Pylon  
  38  3:52  Observer  
  39  3:57  Templar Archives  
  39  3:59  Probe  
  39  4:00  Probe  
  40  4:10  Pylon  
  40  4:12  Stalker  
  40  4:14  Probe  
  40  4:16  Immortal (Chrono Boost)  
  43  4:17  Probe  
  43  4:19  Gateway  
  43  4:24  Pylon  
  48  4:26  Probe  
  48  4:28  Assimilator  
  48  4:29  Probe  
  48  4:30  Assimilator  
  50  4:38  Probe  
  51  4:39  Stalker  
  51  4:41  Probe  
  51  4:44  Charge (Chrono Boost)  
  51  4:45  Pylon  
  54  5:03  Probe, Pylon  
  54  5:05  Pylon  
  54  5:06  Shield Battery  
  55  5:07  Pylon  
  55  5:12  Adept x2  
  59  5:22  Probe x2  
  59  5:26  Gateway x2  
  61  5:28  Gateway  
  59  5:42  Stalker x2  
  53  5:49  Adept  
  47  5:53  Immortal (Chrono Boost)  
  46  6:10  Stalker x3  
  44  6:31  Zealot  
  44  6:32  Zealot x2  
  50  6:35  Probe x2  
  52  6:47  Probe  
  52  6:48  Probe  
  54  6:55  Zealot  
  54  6:56  Zealot x5  
  54  6:59  Probe  
  54  7:00  Probe  
  68  7:07  Immortal (Chrono Boost)  
  68  7:11  Probe  
  68  7:12  Psionic Storm  
  73  7:18  Probe  
  74  7:24  Probe  
  75  7:34  Warp Prism  
  61  8:12  Nexus  
  61  8:14  Stalker  
  61  8:15  Pylon, Stalker x4  
  61  8:16  Stalker  
  61  8:19  Blink (Chrono Boost)  
  73  8:22  Probe x2  
  73  8:34  Probe  
  73  8:36  Probe  
  71  8:43  Pylon  
  71  8:45  Pylon  
  71  8:46  Probe, Gateway  
  71  8:47  High Templar x3  
  78  8:50  High Templar  
  78  8:51  Archon  
  78  8:54  Archon  
  80  8:58  Zealot x2  
  84  9:04  Probe x2  
  86  9:16  Probe x2  
  88  9:28  Probe x2, Pylon  
  88  9:29  Shield Battery  
  88  9:30  Probe, Shield Battery  
  91  9:32  Stalker x5  
  101  9:40  Probe  
  101  9:43  Forge  
  102  9:46  Forge  
  102  9:52  Zealot  
  104  9:58  Probe x2  
  106  10:00  High Templar x3  
  106  10:03  Probe  
  113  10:10  Probe, Stargate  
  113  10:12  Assimilator  
  114  10:15  Assimilator  
  114  10:24  Observer (Chrono Boost)  
  115  10:28  Zealot  
  117  10:37  Observer (Chrono Boost)  
  115  10:59  Stalker x2  
  115  11:00  Stalker x3  
  124  11:32  Pylon  
  124  11:34  Pylon  
  124  11:35  Pylon  
  124  11:36  Pylon  
  124  11:42  Pylon  
  124  11:50  Probe  
  124  11:51  Fleet Beacon  
  124  11:53  Pylon  
  125  11:55  Pylon  
  125  11:57  Pylon  
  125  11:58  Gateway  
  125  12:00  Gateway x2, Nexus  
  125  12:01  Pylon  
  125  12:05  Zealot  
  125  12:06  Zealot x6  
  139  12:12  Probe x3  
  142  12:18  Gateway x2  
  142  12:20  Dark Shrine  
  142  12:21  Gateway  
  142  12:36  Zealot  
  142  12:37  Zealot x5  
  154  13:04  Zealot x6  
  146  13:22  Stalker x5  
  146  13:23  Stalker  
  144  13:34  Stargate  
  144  13:35  Tempest  
  144  13:39  Stargate  
  149  13:47  High Templar x3  
  149  13:48  High Templar x2  
  159  13:53  Probe x3  
  150  14:03  Stalker x3  
  150  14:04  Stalker x2  
  152  14:18  Tempest  
  129  14:26  Stalker x3  
  129  14:27  Stalker x4  
  137  14:33  High Templar x4  
  127  14:50  Zealot x2  
  127  14:51  Zealot x4  
  124  14:58  Zealot x3  
  95  15:16  Dark Templar x3  
  95  15:17  Dark Templar x2  
  85  15:29  Tempest  
  90  15:40  Probe x2  
  75  16:03  High Templar x2  
  79  16:06  Nexus  
  79  16:13  Pylon  
  79  16:14  Probe x2  
  81  16:33  Tempest  
  81  16:35  High Templar  
  88  17:07  High Templar x2  
  92  17:09  Probe  
  77  17:25  High Templar  
Show
View Real Time Build Order
Export as new Build Order

qqq Protoss - Winner!

Build Orders: 1 Gate Expand, Carriers 

Get SALT Encoding   

  12  0:00  Probe  
  13  0:12  Probe  
  14  0:23  Pylon  
  14  0:25  Probe  
  15  0:41  Probe, Gateway  
  16  0:51  Assimilator  
  16  0:53  Probe  
  17  1:05  Probe  
  18  1:17  Probe  
  19  1:30  Probe  
  20  1:34  Nexus  
  20  1:42  Probe  
  20  1:44  Pylon  
  22  1:54  Probe  
  22  1:55  Cybernetics Core  
  22  2:05  Gateway  
  22  2:06  Probe  
  23  2:11  Zealot (Chrono Boost)  
  25  2:22  Probe  
  26  2:35  Adept (Chrono Boost)  
  28  2:46  Gateway  
  28  2:51  Probe  
  28  2:53  Probe  
  28  2:58  Zealot  
  32  3:01  Pylon  
  32  3:04  Probe  
  33  3:12  Gateway, Twilight Council  
  33  3:17  Zealot  
  35  3:20  Probe  
  35  3:21  Probe  
  37  3:41  Zealot  
  39  3:44  Zealot  
  39  3:47  Probe x2  
  43  3:54  Warp Gate  
  43  3:59  Probe x2  
  45  4:08  Charge (Chrono Boost), Zealot  
  45  4:09  Zealot  
  49  4:11  Zealot  
  51  4:18  Probe  
  51  4:21  Pylon  
  52  4:29  Zealot  
  54  4:33  Nexus  
  54  4:35  Pylon  
  54  4:38  Pylon  
  54  4:39  Probe  
  55  4:49  Zealot  
  55  4:51  Probe, Zealot  
  58  4:56  Zealot  
  58  5:00  Zealot  
  58  5:06  Probe x2  
  64  5:08  Zealot  
  64  5:18  Probe x2, Zealot x2  
  72  5:30  Probe x2  
  72  5:32  Gateway  
  72  5:35  Gateway  
  72  5:42  Probe  
  69  5:45  Zealot x2  
  67  5:55  Zealot  
  67  5:57  Zealot  
  63  6:09  Pylon  
  63  6:10  Stargate  
  61  6:12  Zealot x2  
  61  6:14  Dark Shrine  
  61  6:16  Probe x2  
  63  6:19  Probe  
  63  6:20  Assimilator  
  63  6:23  Zealot x2  
  66  6:28  Probe x2  
  66  6:39  Zealot x2  
  70  6:47  Probe  
  70  6:48  Assimilator  
  70  6:50  Zealot x2  
  70  6:52  Assimilator  
  75  6:56  Probe  
  75  6:59  Probe  
  77  7:03  Void Ray  
  77  7:08  Probe  
  77  7:11  Assimilator  
  77  7:13  Assimilator  
  81  7:20  Probe  
  81  7:21  Nexus  
  82  7:27  Dark Templar  
  82  7:28  Nexus  
  84  7:35  Pylon  
  84  7:39  Pylon  
  84  7:40  Void Ray (Chrono Boost)  
  84  7:41  Pylon  
  84  7:43  Pylon  
  81  7:46  Forge  
  67  7:51  Probe  
  59  8:03  Probe, Stargate  
  60  8:15  Probe  
  61  8:26  Void Ray  
  61  8:27  Probe  
  66  8:37  Fleet Beacon  
  66  8:40  Probe  
  67  8:42  Stargate  
  67  8:43  Stargate  
  67  8:52  Probe  
  67  8:54  Void Ray  
  72  9:04  Probe (Chrono Boost)  
  72  9:07  Protoss Air Weapons Level 1 (Chrono Boost)  
  72  9:09  Pylon  
  73  9:12  Pylon  
  73  9:13  Pylon  
  73  9:16  Probe (Chrono Boost), Pylon  
  72  9:23  Dark Templar  
  72  9:24  Probe (Chrono Boost), Pylon  
  75  9:25  Carrier  
  75  9:26  Pylon  
  75  9:27  Carrier  
  75  9:30  Probe, Pylon  
  87  9:33  Pylon  
  88  9:40  Carrier  
  88  9:41  Probe  
  88  9:42  Probe  
  88  9:44  Assimilator  
  96  9:53  Probe  
  96  9:54  Probe  
  96  9:55  Photon Cannon  
  99  10:00  Probe  
  99  10:04  Carrier  
  99  10:05  Probe  
  106  10:10  Photon Cannon  
  106  10:12  Probe  
  101  10:30  Shield Battery  
  101  10:36  Tempest, Carrier  
  112  10:44  Carrier  
  112  10:48  Probe, Photon Cannon x2  
  119  10:57  Pylon  
  119  11:00  Probe, Pylon  
  120  11:07  Protoss Air Armor Level 1 (Chrono Boost)  
  120  11:08  Carrier  
  126  11:15  Pylon  
  126  11:19  Carrier  
  132  11:38  Photon Cannon x2  
  132  11:42  Photon Cannon  
  132  11:44  Shield Battery  
  132  11:46  Shield Battery  
  132  11:47  Photon Cannon  
  132  11:49  Pylon  
  132  11:50  Probe x2  
  134  12:02  Probe x2  
  134  12:07  Carrier  
  142  12:11  Mothership  
  142  12:14  Probe  
  151  12:21  Probe  
  152  12:26  Probe  
  152  12:28  Photon Cannon  
  153  12:32  Pylon  
  153  12:33  Probe  
  154  12:38  Probe, Pylon  
  154  12:40  Carrier  
  161  12:45  Probe  
  161  12:49  Carrier  
  168  13:11  Protoss Air Weapons Level 2  
  168  13:16  Pylon  
  170  13:34  Carrier x2  
  170  13:35  Probe  
  170  13:36  Probe  
  170  13:40  Photon Cannon  
  178  13:42  Photon Cannon  
  178  13:43  Shield Battery  
  178  13:45  Carrier  
  178  13:47  Probe  
  178  13:48  Probe  
  186  14:00  Probe x2  
  187  14:12  Probe x2  
  160  15:01  Nexus  
  160  15:11  Nexus  
  160  15:21  Pylon  
  156  15:22  Pylon  
  156  15:24  Pylon  
  156  15:27  Pylon  
  156  15:28  Pylon  
  156  15:31  Pylon  
  156  15:32  Pylon  
  156  15:36  Pylon  
  156  15:37  Pylon  
  156  15:42  Photon Cannon x2  
  162  15:43  Probe, Carrier  
  162  15:45  Photon Cannon, Carrier  
  162  15:46  Shield Battery x2  
  162  15:47  Carrier  
  162  15:49  Carrier  
  181  15:51  Photon Cannon  
  181  15:52  Photon Cannon  
  181  15:54  Photon Cannon x2  
  181  15:55  Probe  
  182  15:57  Photon Cannon, Shield Battery  
  182  15:59  Photon Cannon, Shield Battery  
  182  16:07  Probe  
  183  16:19  Probe  
  172  16:31  Probe  
  179  16:47  Carrier  
  179  16:48  Void Ray, Pylon  
  179  16:50  Pylon  
  179  16:51  Tempest x2  
  179  16:52  Pylon  
  179  16:53  Pylon  
  189  16:57  Pylon x2  
  189  16:59  Pylon  
  174  17:31  Phoenix  
Show
View Real Time Build Order
Export as new Build Order

Massa Terran - Winner!

Build Orders:  

Get SALT Encoding   

  12  0:00  SCV  
  13  0:13  SCV  
  14  0:17  Supply Depot  
  14  0:25  SCV  
  15  0:38  SCV  
  15  0:39  Barracks  
  16  0:50  SCV  
  16  0:52  Supply Depot  
  17  1:03  SCV  
  18  1:15  SCV  
  19  1:27  Command Center  
  19  1:31  Marine  
  20  1:35  Refinery  
  20  1:42  Orbital Command  
  20  1:51  Marine  
  21  1:57  Barracks  
  21  2:08  Barracks, Marine  
  21  2:11  SCV  
  23  2:25  SCV  
  23  2:26  Marine  
  25  2:34  Barracks  
  25  2:37  SCV  
  26  2:44  Marine  
  26  2:45  Marine  
  26  2:49  SCV  
  26  2:50  Supply Depot  
  29  2:56  SCV  
  30  3:01  SCV  
  30  3:02  Marine x2  
  30  3:03  Marine  
  34  3:08  SCV  
  34  3:11  Factory  
  35  3:20  Marine x2  
  35  3:21  Marine  
  35  3:24  Barracks Tech Lab  
  38  3:29  Orbital Command  
  38  3:30  SCV  
  39  3:37  Marine  
  39  3:38  Barracks Reactor  
  39  3:40  Marine  
  41  3:44  SCV  
  42  3:50  Stimpack  
  42  3:51  Marine  
  42  3:55  SCV, Marine  
  44  3:57  SCV  
  44  3:58  Marine  
  44  4:00  Factory Tech Lab  
  47  4:07  SCV  
  47  4:09  Marauder  
  50  4:13  Marine  
  50  4:14  Marine  
  50  4:15  Marine x2  
  54  4:31  Supply Depot  
  54  4:33  Supply Depot  
  54  4:45  Refinery  
  54  4:46  Supply Depot  
  54  4:49  Command Center  
  54  4:52  SCV x2, Marine x5  
  61  5:04  SCV x2  
  63  5:10  Marauder, Marine  
  63  5:13  Starport  
  66  5:14  Marine x2  
  66  5:15  Marine  
  69  5:25  Refinery x2  
  69  5:27  Marine  
  70  5:32  Marauder, Marine x2  
  70  5:33  Marine  
  73  5:45  Marine  
  73  5:50  Marine  
  73  5:53  Marauder  
  73  5:54  Marine x2  
  72  6:03  Marine  
  72  6:08  Marine  
  69  6:14  Marauder  
  54  6:28  Marine x3  
  54  6:30  Siege Tank  
  60  6:36  Marauder  
  60  6:41  Barracks Reactor  
  60  6:42  SCV x2  
  60  6:46  Starport Tech Lab, Marine x3  
  64  6:50  Starport  
  64  6:54  SCV x2  
  66  6:57  Starport, Marauder  
  68  7:06  SCV x2  
  70  7:14  Combat Shield  
  70  7:17  Barracks Tech Lab  
  70  7:18  SCV x2  
  70  7:19  Marauder, Marine x2  
  70  7:20  Marine x2  
  78  7:27  Banshee  
  78  7:28  Starport Tech Lab  
  81  7:30  SCV x2  
  81  7:34  Orbital Command  
  83  7:37  Marine x3  
  83  7:38  Marine  
  83  7:40  Marauder  
  83  7:42  SCV x2  
  89  7:54  SCV x2  
  89  7:55  Marine x3  
  89  7:56  Marauder  
  93  8:00  Marine  
  92  8:06  SCV  
  93  8:14  Engineering Bay  
  93  8:16  Starport Tech Lab, Supply Depot x2  
  93  8:17  Cloaking Field, Supply Depot  
  93  8:28  Marine  
  93  8:37  Banshee x2, Marine x3  
  93  8:38  SCV x3, Marauder x2  
  109  8:41  Supply Depot x2  
  109  8:42  Supply Depot  
  109  8:45  Refinery, Marine  
  109  8:47  Refinery  
  110  8:50  SCV x3, Siege Tank  
  110  8:55  Marine  
  116  8:59  Missile Turret  
  116  9:02  Banshee, Marine x2  
  117  9:03  SCV x3, Marauder  
  117  9:04  Sensor Tower  
  117  9:05  Supply Depot  
  117  9:06  Supply Depot  
  117  9:09  Supply Depot x2  
  127  9:10  Supply Depot  
  127  9:11  Supply Depot  
  127  9:15  SCV  
  127  9:16  Concussive Shells  
  128  9:20  Banshee  
  128  9:21  Marauder  
  128  9:22  Siege Tank  
  136  9:24  Medivac  
  138  9:33  Command Center  
  138  9:34  Supply Depot  
  138  9:35  Supply Depot  
  138  9:42  SCV x3  
  83  9:45  Medivac  
  143  9:54  SCV x2, Medivac, Siege Tank  
  150  10:03  SCV  
  150  10:06  SCV x2  
  153  10:15  SCV  
  153  10:17  Marauder x2  
  153  10:18  Marine x4  
  162  10:30  Command Center  
  162  10:35  Marine  
  162  10:36  Marine x3  
  162  10:39  Marauder x2  
  170  10:53  Marine  
  170  10:54  Marine x2  
  173  11:00  Marauder x2  
  174  11:21  Marauder  
  173  12:11  SCV x3  
  176  12:23  SCV x3  
  178  12:35  SCV x2  
  178  12:36  SCV  
  172  12:37  Siege Tank  
  172  12:38  Marauder x2  
  172  12:39  Marine  
  179  12:47  SCV  
  179  12:48  SCV x2  
  173  12:59  SCV, Marauder  
  173  13:00  SCV, Marauder  
  176  13:09  Siege Tank  
  162  13:13  Medivac x2  
  162  13:14  Medivac  
  167  13:21  Marauder x2  
  163  13:35  Marine  
  163  13:36  Marine x3  
  167  13:41  Siege Tank  
  167  13:42  Barracks x2, Marauder x2  
  167  13:43  Medivac x2  
  167  13:44  Medivac  
  167  13:45  Barracks  
  167  13:46  Barracks  
  176  13:53  Marine  
  176  13:54  Marine x3  
  180  13:56  Terran Infantry Armor Level 1  
  180  13:58  Engineering Bay  
  180  14:03  Armory  
  180  14:04  Marauder x2, Planetary Fortress  
  180  14:06  SCV  
  180  14:07  SCV x2  
  187  14:11  Marine  
  187  14:12  Marine  
  187  14:13  Medivac x2  
  187  14:14  Refinery, Medivac  
  187  14:15  Refinery  
  195  14:19  SCV x3  
  198  14:25  Marauder  
  198  14:27  Armory  
  200  14:43  Medivac  
  159  15:15  Marauder  
  159  15:16  Marauder, Marine x3  
  159  15:17  Marine  
  159  15:21  Barracks Reactor x2, Barracks Tech Lab x2  
  129  15:25  Siege Tank  
  100  15:31  Factory  
  100  15:33  Factory  
  100  15:34  Marine x4  
  104  15:37  Marauder x2  
  101  15:52  Marine x4  
  105  15:57  Siege Tank  
  105  15:58  Marauder  
  105  15:59  Marauder, Command Center  
  112  16:04  SCV, Missile Turret  
  112  16:05  SCV x2, Missile Turret  
  112  16:08  Missile Turret  
  112  16:09  Marine  
  112  16:10  Marauder, Marine x3  
  112  16:11  Marauder, Marine x4  
  123  16:16  Factory Tech Lab x2, SCV  
  123  16:17  SCV x2  
  130  16:19  Marauder  
  130  16:20  Marauder  
  134  16:27  Marine  
  134  16:28  Marine x3, Missile Turret  
  134  16:29  SCV x3, Siege Tank  
  134  16:30  Missile Turret  
  134  16:32  Marauder x2  
  148  16:36  Sensor Tower  
  148  16:41  SCV x3, Marauder x2  
  155  16:53  SCV x3, Marauder x2  
  162  17:01  Siege Tank  
  162  17:02  Marauder  
  162  17:03  Marauder  
  166  17:14  Marauder  
  166  17:15  Marauder  
  170  17:24  Marauder x2  
  170  17:26  Marine  
  170  17:27  Marine x7  
  188  17:36  Marauder x2  
Tags
 
Add a new tag
Caveats
  • Supply blocks, unpowered buildings, or Contaminate may cause inaccurate times.
  • Supply counts are checked every 10 seconds.